 Dungeon Crawl Stone Soup version 0.27-a0-1202-ge72e49191c (webtiles) character file.

Game seed: 3522953159173163364

4211 deadmanwalking the Thaumaturge (level 10, -10/50 HPs)
             Began as a Deep Elf Earth Elementalist on June 4, 2021.
             Was a Believer of Sif Muna.
             Hit by a large rock thrown by a cyclops (13 damage)
             ... on level 9 of the Dungeon.
             The game lasted 00:47:48 (12874 turns).

deadmanwalking the Thaumaturge (DEEE)              Turns: 12874, Time: 00:47:48

Health: -10/50     AC:  4    Str:  5    XL:     10   Next: 8%
Magic:  16/25      EV: 18    Int: 24    God:    Sif Muna [**....]
Gold:   326        SH:  0    Dex: 15    Spells: 12/28 levels left

rFire    + . .     SeeInvis .   a - staff of earth
rCold    + . .     Faith    .   (no shield)
rNeg     . . .     Spirit   .   c - +0 robe
rPois    .         Reflect  .   (no helmet)
rElec    .         Harm     .   e - scarf {rC+ rF+}
rCorr    .         Rampage  .   (no gloves)
Will     ++...                  s - +1 pair of boots
Stlth    ++........             (no amulet)
HPRegen  0.16/turn              f - ring of willpower
MPRegen  0.19/turn              k - +4 ring of evasion

@: attractive
A: no striking features
a: Renounce Religion, Channel Magic


You were on level 9 of the Dungeon.
You worshipped Sif Muna.
Sif Muna was pleased with you.
You visited 2 branches of the dungeon, and saw 10 of its levels.

You collected 486 gold pieces.
You spent 160 gold pieces at shops.

Inventory:

Hand Weapons
 b - the +3 flail of Nightmares {vamp, rC+ rCorr}
   (You found it on level 6 of the Dungeon)

   It inflicts no extra harm, but heals its wielder when it wounds a living foe.
   It protects you from cold.
   It protects you from acid and corrosion.
 r - the +8 rapier "Caufadd" {freeze, rN+ Dex+5}
   (You found it on level 7 of the Dungeon)

   It has been specially enchanted to freeze those struck by it, causing extra
   injury to most foes and up to half again as much damage against particularly
   susceptible opponents.
   It can also slow down cold-blooded creatures.
   It affects your dexterity (+5).
   It protects you from negative energy.
Missiles
 d - 52 arrows
 l - 19 bolts
 q - 167 stones
 y - a throwing net
 B - 16 sling bullets
Armour
 c - a +0 robe (worn)
 e - a scarf of resistance (worn)
 s - a +1 pair of boots (worn)
 E - a +2 buckler
Magical Staves
 a - a staff of earth (weapon)
Jewellery
 f - a ring of willpower (left hand)
 h - a ring of ice
 k - a +4 ring of evasion (right hand)
Wands
 A - a wand of iceblast (14)
Scrolls
 o - a scroll of silence
 t - 3 scrolls of fear
 v - a scroll of teleportation
 C - a scroll of enchant armour
Potions
 g - 3 potions of brilliance
 i - 2 potions of magic
 j - a potion of resistance
 m - 2 potions of curing
 n - a potion of berserk rage
 p - a potion of ambrosia {unknown}
 u - a potion of attraction
 w - 2 potions of cancellation {unknown}
 x - a potion of mutation {unknown}
 z - a potion of might {unknown}
 D - a potion of invisibility {unknown}


   Skills:
 - Level 5.0 Dodging
 - Level 2.4 Stealth
 + Level 3.6 Shields
 + Level 9.6 Spellcasting
 - Level 5.0 Conjurations
 - Level 6.0 Transmutations
 + Level 2.8 Ice Magic
 + Level 8.3 Earth Magic
 + Level 4.8 Invocations


You had 12 spell levels left.
You knew the following spells:

 Your Spells              Type           Power      Damage    Failure   Level
a - Sandblast             Erth           100%       2d20      1%          1
b - Stone Arrow           Conj/Erth      100%       3d13      1%          3
c - Petrify               Tmut/Erth      62%        N/A       2%          4
d - Lee's Rapid Deconstr  Erth           33%        3d18*     4%          5
e - Frozen Ramparts       Ice            50%        1d7       4%          3

Your spell library contained the following spells:

 Spells                   Type           Power      Damage    Failure   Level
 Freeze                   Ice            100%       1d11      1%          1
 Passwall                 Tmut/Erth      51%        N/A       1%          2
 Ozocubu's Armour         Ice            25%        N/A       4%          3
 Animate Skeleton         Necr           22%        N/A       5%          1
 Pain                     Necr           44%        1d6       5%          1
 Hailstorm                Conj/Ice       30%        3d8       11%         4
 Confusing Touch          Hex            11%        N/A       17%         3
 Gell's Gravitas          Tloc           5%         N/A       17%         3
 Vampiric Draining        Necr           5%         2d6       17%         3
 Yara's Violent Unravell  Hex/Tmut       12%        3d7       41%         5
 Animate Dead             Necr           5%         N/A       50%         4
 Metabolic Englaciation   Hex/Ice        9%         N/A       63%         5
 Agony                    Necr           11%        N/A       83%         5


Dungeon Overview and Level Annotations

Branches:
Dungeon (9/15)             Temple (1/1) D:6            Lair (0/6) D:9
    Orc: D:9-12

Altars:
Cheibriados
Dithmenos
Elyvilon
Fedhas
Gozag
Hepliaklqana
Kikubaaqudgha
Makhleb
Okawaru
Qazlal
Ru
Sif Muna
Trog
Uskayaw
Xom
Yredelemnul
Zin
The Shining One

Shops:
D:2 ***(   D:4 [


Message History

You have reached level 10!
You feel a surge of power!
The stone arrow hits the orc priest!!
You kill the orc priest!
Sif Muna accepts your kill.
Things that are here:
a +2 scimitar of flaming; a +0 chain mail; an orc corpse
Things that are here:
a +0 whip; a +0 chain mail; an orc corpse
Things that are here:
a +1 dagger of venom; a +0 robe; an orc corpse You open the door.
There is an open door here.
A freezing wraith comes into view.
You can't see any susceptible monsters within range! (Use Z to cast anyway.)
You can't see any susceptible monsters within range! (Use Z to cast anyway.)
You feel a surge of power!
The stone arrow hits the freezing wraith!!
The freezing wraith is severely damaged.
You feel a surge of power!
The stone arrow hits the freezing wraith!
You destroy the freezing wraith!
Sif Muna accepts your kill.
A warg is nearby!
A cyclops comes into view.
The cyclops shouts!
Found a tin of tremorstones (2/2).
The cyclops throws a large rock.
The large rock hits you!!
You feel a surge of power!
The stone arrow hits the cyclops!
The cyclops is lightly wounded.
You feel a surge of power!
The stone arrow hits the cyclops!!
The cyclops is heavily wounded.
You feel a surge of power!
The stone arrow hits the cyclops!!
The cyclops is almost dead.
The cyclops throws a large rock.
The large rock hits you!!
Ouch! That really hurt!
* * * LOW HITPOINT WARNING * * *
It was a potion of attraction.
You feel attractive to monsters.
The cyclops throws a large rock.
The large rock hits you!
You die...

.###'#####.#.............
.)..........#...........#
............##.........##
............####.....###
.......).................
......................###
.......รท..............#
####....######....#...#
........#}......@..C..#
........#......##.....#
........#......##.....'.
........#....... .....#.
........#....#.. .#...#
................ .#...#
..........##... .# ..#
..........# .# ..#
...........


You could see a cyclops.

Vanquished Creatures
  A freezing wraith (D:9)
  Grinder (D:4)
  A wyvern (D:8)
  A steam dragon (D:8)
  A warg (D:9)
  A black bear (D:6)
  A black bear (shapeshifter) (D:9)
  4 ogres
  3 orc warriors
  2 ice beasts
  2 centaurs
  A phantom (D:7)
  2 bullfrogs (D:8)
  A gnoll sergeant (D:6)
  2 scorpions (D:5)
  A water moccasin skeleton (D:4)
  5 killer bees (D:7)
  A howler monkey (D:7)
  8 wights
  A centaur zombie (D:9)
  4 orc priests
  3 bullfrog skeletons
  3 hounds
  5 jellies
  10 orc wizards
  Natasha (twice) (D:3)
  2 killer bee zombies (D:7)
  A hound zombie (D:5)
  9 adders
  11 gnolls
  2 howler monkey skeletons (D:5)
  2 white imps (D:7)
  An ufetubus (D:4)
  The ghost of flotson the Covert, a weakling GnDe of Fedhas (D:5)
  2 dart slugs
  25 orcs
  3 ball pythons
  4 bats
  4 endoplasms
  6 giant cockroaches
  10 goblins
  5 hobgoblins
  4 iguanas
  4 jackals (D:1)
  6 quokkas
  12 frilled lizards
  5 kobolds
  7 rats
  A spectral orc (D:7)
194 creatures vanquished.

Vanquished Creatures (others)
  9 plants
9 creatures vanquished.

Grand Total: 203 creatures vanquished

Notes
Turn   | Place    | Note
-------+----------+-------------------------------------------
     0 | D:1      | deadmanwalking the Deep Elf Earth Elementalist began the
                  | quest for the Orb.
     0 | D:1      | Reached XP level 1. HP: 10/10 MP: 6/6
   191 | D:1      | Reached XP level 2. HP: 11/15 MP: 6/8
  1135 | D:1      | Found a faded altar of an unknown god.
  1214 | D:2      | Found Xoydost's General Store.
  1256 | D:2      | Found Ehecrex's General Store.
  1259 | D:2      | Bought a scroll of identify for 24 gold pieces
  1404 | D:2      | Found Diprel's General Store.
  1431 | D:2      | Found Wikho's Antique Weapon Boutique.
  1449 | D:2      | Reached skill level 4 in Spellcasting
  1491 | D:2      | Reached XP level 3. HP: 8/19 MP: 8/10
  1495 | D:2      | Learned a level 3 spell: Stone Arrow
  2076 | D:2      | You fall into a shaft and drop 2 floors!
  2099 | D:4      | Found Jeveis's Antique Armour Emporium.
  2878 | D:2      | Reached skill level 1 in Conjurations
  3009 | D:3      | Reached XP level 4. HP: 22/24 MP: 9/12
  3417 | D:3      | Found a shimmering altar of Xom.
  3536 | D:3      | Reached skill level 5 in Spellcasting
  3536 | D:3      | Reached XP level 5. HP: 11/28 MP: 10/14
  3541 | D:3      | Learned a level 4 spell: Petrify
  3547 | D:3      | Learned a level 5 spell: Lee's Rapid Deconstruction
  4146 | D:3      | Identified a scroll of acquirement
  4146 | D:3      | Acquired a staff of earth
  4169 | D:3      | Noticed Natasha
  4170 | D:3      | Killed Natasha
  4201 | D:3      | Reached skill level 5 in Earth Magic
  4520 | D:3      | Noticed Natasha
  4525 | D:3      | Killed Natasha
  4713 | D:4      | Reached XP level 6. HP: 32/32 MP: 13/16
  4788 | D:4      | Noticed Grinder
  4794 | D:4      | Killed Grinder
  4795 | D:4      | Reached skill level 6 in Spellcasting
  5005 | D:4      | Reached XP level 7. HP: 36/36 MP: 15/18
  5372 | D:4      | Found a sacrificial altar of Ru.
  5896 | D:2      | Bought a jewelled hunting sling for 136 gold pieces
  5896 | D:2      | Identified the +2 hunting sling of Afriuf {vorpal, Drain
                  | rCorr Str+3} (You bought it in a shop on level 2 of the
                  | Dungeon)
  5943 | D:5      | Entered Level 5 of the Dungeon
  6746 | D:5      | Noticed flotson's ghost (weakling GnDe)
  6747 | D:5      | Found a transporter.
  6770 | D:5      | Found a transporter.
  6792 | D:5      | Killed flotson's ghost
  6962 | D:5      | Found a glowing golden altar of the Shining One.
  7288 | D:5      | Reached XP level 8. HP: 41/41 MP: 16/20
  7305 | D:6      | Found a snail-covered altar of Cheibriados.
  7312 | D:6      | Reached skill level 7 in Spellcasting
  7622 | D:6      | HP: 2/41 [poisoned by a gnoll sergeant]
  8174 | D:6      | Identified the +3 flail of Nightmares {vamp, rC+ rCorr}
  8385 | D:6      | Reached skill level 5 in Conjurations
  8546 | D:6      | Found a staircase to the Ecumenical Temple.
  8552 | Temple   | Entered the Ecumenical Temple
  8606 | Temple   | Became a worshipper of Sif Muna the Loreminder
  8751 | D:6      | Reached skill level 5 in Dodging
  8751 | D:6      | Reached skill level 1 in Shields
  8751 | D:6      | Reached skill level 1 in Invocations
  8847 | D:6      | Reached skill level 5 in Transmutations
  9544 | D:6      | Reached skill level 8 in Spellcasting
  9828 | D:7      | Reached XP level 9. HP: 45/45 MP: 16/23
  9928 | D:7      | Reached * piety under Sif Muna
 10483 | D:7      | Identified the +8 rapier "Caufadd" {freeze, rN+ Dex+5}
 10755 | D:7      | Found a basalt altar of Yredelemnul.
 10961 | D:8      | Learned a level 3 spell: Frozen Ramparts
 11355 | D:8      | Reached skill level 9 in Spellcasting
 11553 | D:8      | Reached skill level 1 in Ice Magic
 12231 | D:9      | Noticed a tengu conjurer
 12442 | D:9      | Reached ** piety under Sif Muna
 12707 | D:9      | Found a staircase to the Lair.
 12745 | D:9      | Reached XP level 10. HP: 40/50 MP: 15/25
 12868 | D:9      | Noticed a cyclops
 12873 | D:9      | HP: 2/50 [cyclops/large rock (27)]
 12874 | D:9      | Hit by a large rock thrown by a cyclops

Illustrated notes

Levels and vault maps discovered:
D:1:      minmay_arrival_radiant_lines, layout_loops_ring,
          basic_ecumenical_altar
D:2:      layout_basic, serial_shops,
          nicolae_shop_temple_entry_statues_fountains,
          nicolae_shop_window_shopping, nicolae_shop_waterfront,
          nicolae_shop_waterfront
D:3:      layout_loops_corners, dk_xom_monty_hall, minmay_vboxes, uniq_natasha
D:4:      layout_loops_ring, nicolae_ru_path_of_blood, serial_shops,
          nicolae_shop_overgrown_old_shop, uniq_grinder
D:5:      layout_basic, lemuel_round_altar, gammafunk_ghost_arena,
          serial_curves, eino_curves_01, eino_curves_04, eino_curves_03
D:6:      layout_loops_ring, kennysheep_slug_shrine,
          minmay_temple_entry_proselytizer, nrook_mini_backslash,
          minmay_lizard_king
D:7:      cheibrodos_quashed, layout_loops_cross,
          yredelemnul_forgotten_temple_becter, dk_vineyard_1, grunt_ogre_cave
D:8:      layout_basic
D:9:      minmay_cut_squares, layout_irregular_city, kennysheep_mini_moat,
          ashenzari_conservatory_becter, erik_lair_orcish_takeover, orc_david_3
Temple:   nicolae_temple_god_jail

Skill      XL: |  1  2  3  4  5  6  7  8  9 |
---------------+----------------------------+-----
Spellcasting   | 4 5 6 8 9 |  9.6
Earth Magic    | 4 5 6 7 8 |  8.3
Conjurations   | 1 2 3 4 5 |  5.0
Transmutations | 2 3 4 5 6 |  6.0
Dodging        | 3 5 |  5.0
Shields        | 1 3 |  3.6
Invocations    | 2 4 |  4.8
Ice Magic      | 2 |  2.8
Stealth        | |  2.4

Action                   |  1- 3 |  4- 6 |  7- 9 | 10-12 || total
-------------------------+-------+-------+-------+-------++-------
Melee: Mace              |   101 |    31 |       |       ||   132
       Staff             |       |     8 |    25 |       ||    33
Throw: Stone             |       |     1 |     3 |       ||     4
       Boomerang         |       |       |     1 |       ||     1
 Cast: Sandblast         |    21 |    37 |    16 |       ||    74
       Stone Arrow       |       |       |   164 |     6 ||   170
  Use: Scroll            |     4 |     6 |    10 |       ||    20
       Potion            |       |       |       |     1 ||     1
 Stab: Sleeping          |    12 |     3 |     1 |       ||    16
Armor: Robe              |    24 |    10 |     5 |       ||    39
Dodge: Dodged            |    76 |    29 |    43 |       ||   148

Table legend: (Time is in decaauts)
 A = Elapsed time spent in this place.
 B = Non-inter-level travel time spent in this place.
 C = Inter-level travel time spent in this place.
 D = Time resting spent in this place.
 E = Time spent auto-exploring this place.
 F = Levels seen in this place.
 G = Mean time per level.
                   A        B        C        D        E       F      G
               +--------+--------+--------+--------+--------+-----+--------+
         Total |  12960 |  11949 |   1011 |    728 |   9460 |  10 | 1296.0 |
       Dungeon |  12883 |  11888 |    995 |    728 |   9421 |   9 | 1431.4 |
        Temple |     77 |     61 |     16 |      0 |     39 |   1 |   77.0 |
               +--------+--------+--------+--------+--------+-----+--------+

Top non-repeatable levels by time:
     D:3: 1923 daAuts
     D:5: 1897 daAuts
     D:6: 1639 daAuts
     D:2: 1575 daAuts
     D:4: 1439 daAuts
     D:7: 1337 daAuts
     D:8: 1290 daAuts
     D:1: 1255 daAuts
     D:9: 524 daAuts
  Temple: 77 daAuts
